 Dungeon Crawl Stone Soup version 0.18-a0-1577-gf591c28 (webtiles) character file.

87 Woebin the Grave Robber (level 4, 0/34 HPs)
             Began as a Hill Orc Necromancer on Mar 22, 2016.
             Slain by a worm (5 damage)
             ... on level 2 of the Dungeon.
             The game lasted 00:08:48 (2470 turns).

Woebin the Grave Robber (Hill Orc Necromancer)      Turns: 2470, Time: 00:08:49

Health: 0/34       AC:  2    Str: 10    XL:     4   Next: 51%
Magic:  2/7        EV: 11    Int: 16    God:
Gold:   121        SH:  0    Dex: 11    Spells: 2 memorised, 2 levels left

rFire  . . .     SeeInvis .     b - +0 falchion
rCold  . . .     Gourm    .     i - +0 robe
rNeg   . . .     Faith    .     (no shield)
rPois  .         Spirit   .     (no helmet)
rElec  .         Dismiss  .     (no cloak)
rCorr  .         Reflect  .     (no gloves)
SustAt .         Harm     .     (no boots)
MR     .....                    (no amulet)
Stlth  ++........               (no ring)
                                (no ring)

@: very slightly contaminated, drained, not resistant to hostile enchantments,
unstealthy
A: no striking features
a: no special abilities


You were on level 2 of the Dungeon.
You were not hungry.

You visited 1 branch of the dungeon, and saw 2 of its levels.

You collected 121 gold pieces.

Inventory:

Hand Weapons
 a - a +2 dagger of draining
 b - a +0 falchion (weapon)
 s - a +0 hunting sling
Missiles
 f - 18 poisoned needles
 n - 57 stones (quivered)
 p - 23 arrows
Armour
 i - a +0 robe (worn)
Scrolls
 e - 2 scrolls of recharging {unknown}
 g - 2 scrolls of teleportation {unknown}
 j - a scroll of noise {unknown}
 k - a scroll of enchant armour {unknown}
 t - a scroll of identify {unknown}
Potions
 h - 3 potions of might {unknown}
 l - 2 potions of cancellation {unknown}
 q - a potion of haste {unknown}
 u - a potion of brilliance {unknown}
Books
 m - a book of Necromancy

   Spells                             Type                      Level
   a - Pain                           Necromancy                   1
   b - Animate Skeleton               Necromancy                   1
   c - Vampiric Draining              Necromancy                   3
   d - Regeneration                   Charms/Necromancy            3
   e - Animate Dead                   Necromancy                   4
   f - Control Undead                 Necromancy                   4
Comestibles
 c - a bread ration
 d - 2 meat rations
 o - a slice of pizza
 r - a royal jelly


   Skills:
 + Level 0.8(0.1) Fighting
 + Level 0.5(0.0) Slings
 + Level 1.7(0.9) Dodging
 + Level 2.3(1.6) Stealth
 + Level 2.4(1.7) Spellcasting
 + Level 4.4(3.6) Necromancy


You had 2 spell levels left.
You knew the following spells:

 Your Spells              Type           Power        Failure   Level  Hunger
a - Pain                  Necr           ##..         6%          1    ##.....
b - Animate Dead          Necr           N/A          50%         4    #####..


Dungeon Overview and Level Annotations

Branches:
Dungeon (2/15)

Altars:


Message History

Aiming: Pain
Press: ? - help, Shift-Dir - straight line, f/p - worm
Aim: a worm (moderately wounded, chance to defeat MR: 77%)
You miscast Pain.
You are very lightly contaminated with residual magic.
Your bones ache.
The worm bites you.
* * * LOW HITPOINT WARNING * * *
Casting: Pain
Confirm with . or Enter, or press ? or * to list all spells.
Aiming: Pain
Press: ? - help, Shift-Dir - straight line, f/p - worm
Aim: a worm (moderately wounded, chance to defeat MR: 77%)
The worm convulses in agony!
Casting: Pain
Confirm with . or Enter, or press ? or * to list all spells.
Aiming: Pain
Press: ? - help, Shift-Dir - straight line, f/p - worm
Aim: a worm (heavily wounded, chance to defeat MR: 77%)
The worm barely resists.
The worm bites you.
You die...

#.......#...#...
####.....##...##..
...##...###..†###.
################.# ##### #...# ##
...............#.###...###...###.
###.#.#######..#.##.....##...##..
#.#.#.....<..#.#.......#...#...
#.#.###.####.#w#..)..).'...'..†
###+#.....# #.#@#.......#...#...
.......#### #.†.##...^.##...##..
.......# #...###...###...###.
.......#######...# ##### #...# ##
...........#.....###...###...###.
##.........#.###.##.....##...##..
#.........#.# #.#.......#...#...
#.........#.# #.#..[....Z...'...
##.........#.# #.#.....Z.#...#...


You could see a worm.

Vanquished Creatures
  3 adders (D:2)
  An ooze (D:1)
  A dart slug (D:2)
  2 giant geckos (D:1)
  A ball python (D:1)
  5 bats
  A giant cockroach (D:1)
  5 goblins
  3 hobgoblins
  3 jackals (D:1)
  6 kobolds
  4 quokkas (D:2)
  A giant newt (D:2)
  5 rats (D:1)
41 creatures vanquished.

Vanquished Creatures (collateral kills)
  A worm (D:2)
  A giant gecko (D:2)
  A hobgoblin (D:2)
  A quokka (D:2)
  A goblin (D:2)
5 creatures vanquished.

Grand Total: 46 creatures vanquished

Notes
Turn   | Place    | Note
--------------------------------------------------------------
     0 | D:1      | Woebin the Hill Orc Necromancer began the quest for the Orb.
     0 | D:1      | Reached XP level 1. HP: 14/14 MP: 3/3
   515 | D:1      | Reached XP level 2. HP: 14/20 MP: 4/4
  1050 | D:1      | Reached XP level 3. HP: 15/27 MP: 1/5
  1880 | D:2      | Reached XP level 4. HP: 27/34 MP: 3/7
  1899 | D:2      | Learned a level 4 spell: Animate Dead
  2470 | D:2      | Slain by a worm

Vault maps used:
D:1:      dpeg_arrival_round_b
D:2:      kennysheep_six_static_rooms

Skill      XL: |  1  2  3 |
---------------+----------+-----
Stealth        | 2 |  2.3
Spellcasting   | 2 |  2.4
Fighting       | |  0.8
Slings         | |  0.5
Dodging        | |  1.7
Necromancy     | |  4.4

Action                   |  1- 3 |  4- 6 || total
-------------------------+-------+-------++-------
Melee: Club              |    35 |       ||    35
       Unarmed           |     4 |       ||     4
       Dagger            |    21 |    15 ||    36
       Falchion          |       |     8 ||     8
 Fire: Hunting sling     |     4 |       ||     4
 Cast: Pain              |    41 |    20 ||    61
       Animate Dead      |       |     4 ||     4
 Stab: Sleeping          |     6 |     1 ||     7
  Eat: Chunk             |     4 |     3 ||     7
